 Dungeon Crawl Stone Soup version 0.28-a0-1213-g0243856f03 (webtiles) character file.

Game seed: 9217580776122546327

172 sanka the Cudgeller (level 5, -1/43 HPs)
             Began as a Palentonga Abyssal Knight on Dec 21, 2021.
             Was a Believer of Lugonu.
             Slain by an orc priest (4 damage)
             ... on level 3 of the Dungeon.
             The game lasted 00:02:56 (2722 turns).

sanka the Cudgeller (Palentonga Abyssal Knight)     Turns: 2722, Time: 00:02:59

Health: -1/43      AC:  7    Str: 18    XL:     5   Next: 27%
Magic:  6/6        EV:  9    Int: 10    God:    Lugonu [**....]
Gold:   161        SH:  0    Dex: 11    Spells: 4/4 levels left

rFire   . . .      SeeInvis +   a - +1 mace
rCold   . . .      Faith    .   (no shield)
rNeg    . . .      Spirit   .   b - +0 leather armour
rPois   .          Reflect  .   (no helmet)
rElec   .          Harm     .   g - +2 cloak
rCorr   .          Rampage  .   (no gloves)
Will    .....                   (no barding)
Stlth   +.........              (no amulet)
HPRegen 0.14/turn               (no ring)
MPRegen 0.10/turn               (no ring)

@: no status effects
A: large, rugged brown scales 3, see invisible, deformed body, roll 1, armoured
tail
a: Rolling Charge, Renounce Religion, Depart the Abyss, Bend Space


You were on level 3 of the Dungeon.
You worshipped Lugonu.
Lugonu was pleased with you.
You visited 1 branch of the dungeon, and saw 3 of its levels.
You visited the Abyss 1 time.

You collected 161 gold pieces.


Innate Abilities, Weirdness & Mutations

You are completely covered in rugged brown scales. (AC +3, +7% HP)
You have supernaturally acute eyesight. (SInv)
Armour fits poorly on your strangely shaped body.
You can roll at nearby foes to attack.
You have a long armoured tail.


   Skills:
 - Level 3.0 Fighting
 + Level 5.5 Maces & Flails
 - Level 1.5 Armour
 - Level 0.7 Dodging
 - Level 2.0 Invocations


You had 4 spell levels left.
You didn't know any spells.
Your spell library was empty.

Inventory:

Hand Weapons
 a - a +1 mace (weapon)
 k - a +1 dagger of electrocution
Armour
 b - a +0 leather armour (worn)
 g - a +2 cloak (worn)
Scrolls
 c - a scroll of immolation {unknown}
 d - 3 scrolls of identify {unknown}
 e - 2 scrolls of teleportation {unknown}
 f - a scroll of fog {unknown}
 h - a scroll of enchant weapon {unknown}
 i - a scroll of brand weapon {unknown}
Potions
 j - a potion of brilliance {unknown}

Dungeon Overview and Level Annotations

Branches:
Dungeon (3/15)

Altars:

Shops:
D:1

[ ▒.. ▒. ▒▒..▒▒
. ....▒ ▒.
▒...▒▒ ▒▒▒..
.... ▒....▒▒..▒
▒ ......▒.o▒.▒
........H▒.▒▒...
.......(........
.(.....▒.▒.▒▒▒▒.
.>....▒▒<▒.▒
▒?▒▒.▒ ▒.▒ . ▒
▒. ▒.. .▒ ▒ ....
. ▒▒▒▒▒.▒


You could see an orc priest.


Message History

Beogh smites you!
You hit the orc priest.
The orc priest is lightly wounded.
The orc priest closely misses you.
You hit the orc priest.
The orc priest is moderately wounded.
The orc priest hits you with a +0 falchion.
You hit the orc priest but do no damage.
The orc priest is moderately wounded.
The orc priest hits you with a +0 falchion.
* * * LOW HITPOINT WARNING * * *
You hit the orc priest but do no damage.
The orc priest is moderately wounded.
The orc priest casts a cantrip, but nothing happens.
You hit the orc priest but do no damage.
The orc priest is moderately wounded.
The orc priest mumbles some strange prayers to Beogh against you.
Pain shoots through your body!
* * * LOW HITPOINT WARNING * * *
You hit the orc priest but do no damage.
The orc priest is moderately wounded.
The orc priest hits you but does no damage.
You closely miss the orc priest.
Your tail-slap misses the orc priest.
The orc priest is moderately wounded.
The orc priest mumbles some strange prayers to Beogh against you.
Pain shoots through your body!
* * * LOW HITPOINT WARNING * * *
The orc priest hits you with a +0 falchion.
You die...

Action                   |  1- 3 |  4- 6 || total
-------------------------+-------+-------++-------
Melee: Mace              |    88 |    57 ||   145
       Tailslap          |     4 |     4 ||     8
 Abil: Rolling Charge    |     2 |     2 ||     4
Armor: Leather armour    |    46 |    35 ||    81
Dodge: Dodged            |    45 |    24 ||    69

Levels and vault maps discovered:
D:1:      psy_arrival_radial01, layout_rooms, serial_shops, shop_fountains,
          dilly_ecumenical_altar_fadedgnrine, minmay_bisected
D:2:      minmay_razor_zed, layout_basic, serial_undead, serial_undead_a,
          serial_undead_d, serial_undead_d, serial_undead_d, serial_undead_c,
          serial_undead_c, minmay_ruptured
D:3:      layout_loops_ring

Notes
Turn   | Place    | Note
-------+----------+-------------------------------------------
     0 | Abyss:1  | sanka the Palentonga Abyssal Knight began the quest for the
                  | Orb.
     0 | Abyss:1  | Reached XP level 1. HP: 19/19 MP: 2/2
    40 | Abyss:1  | Found a corrupted altar of Lugonu.
    66 | Abyss:1  | Noticed an ancient zyme
   110 | Abyss:1  | Found a corrupted altar of Lugonu.
   118 | D:1      | Escaped the Abyss
   480 | D:1      | Found Jisapote's Antique Armour Shop.
   515 | D:1      | Reached XP level 2. HP: 22/25 MP: 3/3
   671 | D:1      | Reached skill level 3 in Maces & Flails
  1100 | D:1      | Found a faded altar of an unknown god.
  1274 | D:2      | Reached XP level 3. HP: 29/31 MP: 4/4
  1549 | D:2      | Reached skill level 4 in Maces & Flails
  1629 | D:2      | Reached ** piety under Lugonu
  1834 | D:2      | Reached XP level 4. HP: 34/37 MP: 5/5
  2472 | D:2      | Reached skill level 5 in Maces & Flails
  2672 | D:2      | Reached XP level 5. HP: 43/43 MP: 6/6
  2722 | D:3      | HP: 3/43 [orc priest/nerve-wracking pain (12)]
  2722 | D:3      | Slain by an orc priest

Vanquished Creatures
  An orc priest (D:2)
  An orc wizard (D:3)
  A hound zombie (D:2)
  4 adders (D:2)
  A white imp (D:1)
  3 adder skeletons (D:2)
  A dart slug (D:2)
  2 orcs (D:2)
  A bat skeleton (D:2)
  2 endoplasms (D:2)
  A giant cockroach (D:2)
  3 hobgoblins (D:2)
  6 kobolds
  A quokka (D:2)
  2 ball pythons
  2 ball python skeletons (D:2)
  2 bats (D:2)
  5 frilled lizards
  8 goblins
  A jackal skeleton (D:2)
  A quokka skeleton (D:2)
  A quokka zombie (D:2)
  2 rats (D:1)
52 creatures vanquished.
